Unix NetHack Version 5.0.0-0 post-release - last build May  3 2026 23:40:34 (9823c992c0763bbd039eca2974112f46eaf799b3,branch:main).

Game began 2026-05-04 06:46:58, ended 2026-05-04 08:50:02.

23881750910, lawful female human Valkyrie

                                                -----                  --- ----
                                                |...|                ---.--|..|
                                                |...---             --.^..||..|
                                                ---...|  ----       |.....|--.|
                                                  |.?-- --..|      --...@-|<..|
                                                  |..|  |...----  --.....--.---
                                                  --.|  |......-- |..........--
                                                   |.-- ------..| |..........*|
                                             --- ---..---   ---.---..........--
                                            --.---......--  |.|...........----
                                            |............----............--
                                            |............................--
                                            |....--......--...(...........-- --
                                            --..-|---.........................|
                                             --..-- --.......................--
                                              |...-------......|......^......|
                                         -------..............---.--..--.|.---
                                       -......%))...------....| ---|..|-----
                                       ---.  --.....|    ---..|    |..|
                                         --   --.|.--      --.|    ----
                                               -----        ---
23881750910 the Skirmisher  St:18/01 Dx:11 Co:18 In:9 Wi:10 Ch:8  Lawful
Dlvl:5  $:47 HP:0(55) Pw:10(10) AC:6  Xp:5 T:2129  FoodPois

Latest messages:
 The dagger hits the gnome.
 The gnome is killed!
 The gnome hits!
 You kill the gnome!
 The gnome lord throws 2 darts!
 The 1st dart misses the dwarf.
 The 1st dart misses you.
 The 2nd dart hits the dwarf.
 The dwarf throws a dagger!
 You are hit by a dagger.
 You kill the lichen!
 You see here a lichen corpse.
 e - a lichen corpse (4 in total).
 The dwarf wields an aklys!
 The dwarf secures the tether on the aklys.
 The dwarf swings her aklys.
 The dwarf hits!
 You hit the dwarf!
 The dwarf swings her aklys.
 The dwarf hits!
 You kill the dwarf!
 There are several objects here.
 You hit the gnome!
 You kill the gnome!
 There are several objects here.
 j - 2 darts.
 You learn more about your items by comparing them.
 b - a +0 dagger (alternate weapon; not wielded) (8 in total).
 q - an aklys.
 z - a dwarvish cloak.
 You see here a gnome lord corpse.
 You see here a gnome lord corpse.
 There is a gnome lord corpse here; eat it? [ynq] (n) y
 Ulch - that meat was tainted!
 You feel deathly sick.
 (It must have died too long ago to be safe to eat.)
 What do you want to eat? [deilm or ?*] l
 This fortune cookie is delicious!
 This cookie has a scrap of paper inside.
 It reads:
 "So when I die, the first thing I will see in heaven is a score list?"
 Your sickness feels worse.
 Your sickness is severe.
 You are at Death's door.
 You die from your illness.
 Do you want your possessions identified? [ynq] (y) n
 Do you want to see your attributes? [ynq] (y) n
 Do you want an account of creatures vanquished? [ynaq] (y) n
 Do you want to see your conduct and achievements? [ynq] (y) n
 Do you want to see the dungeon overview? [ynq] (y) n

Inventory:
 Coins    ('$')
  $ - 47 gold pieces
 Weapons  (')')
  t - 10 +0 crossbow bolts
  u - a blessed +1 crossbow
  j - 2 blessed +1 darts
  k - 6 cursed +0 shuriken
  b - 8 +0 daggers (alternate weapons; not wielded)
  h - a cursed -2 orcish dagger
  a - a +1 spear (weapon in right hand)
  q - a blessed +0 aklys
  v - a +0 aklys
 Armor    ('[')
  x - an uncursed +0 pair of iron shoes
  c - an uncursed +3 small shield (being worn)
  y - an uncursed +0 dwarvish cloak
  z - an uncursed +0 dwarvish cloak
  f - an uncursed +0 oilskin cloak
  o - an uncursed +0 leather armor
 Comestibles  ('%')
  d - 3 uncursed food rations
  m - an uncursed tin of dried dwarf meat
  i - an uncursed egg
  e - 4 uncursed lichen corpses
 Wands    ('/')
  g - a wand of cancellation (0:5)
 Tools    ('(')
  w - an uncursed brass lantern
  n - an uncursed wax candle
 Gems/Stones  ('*')
  r - 2 uncursed worthless pieces of black glass
  p - 2 uncursed worthless pieces of yellow glass
  s - an uncursed rock

23881750910 the Valkyrie's attributes:

Background:
 You were a Skirmisher, a level 5 human Valkyrie.
 You were lawful, nominally on a mission for Tyr
 who was opposed by Odin (neutral) and Loki (chaotic).
 You were right-handed.
 You were in the Gnomish Mines, on level 5.
 You entered the dungeon 2129 turns ago.
 There was a full moon in effect when your adventure ended.
 You had 231 experience points, 89 more were needed to attain level 6.

Basics:
 You had 0 out of 55 hit points.
 You had all 10 energy points (spell power).
 Your armor class was 6.
 Your wallet contained 47 zorkmids.
 Autopickup was off.

Final Characteristics:
 Your strength was 18/01 (limit:18/100).
 Your dexterity was 11 (limit:18).
 Your constitution was 18 (limit:18).
 Your intelligence was 9 (limit:18).
 Your wisdom was 10 (limit:18).
 Your charisma was 8 (limit:18).

Final Status:
 You died from food poisoning.
 You weren't hungry.
 You were unencumbered.
 You were wielding a spear.
 You had basic skill with spear.

Final Attributes:
 You were piously aligned.
 You were cold resistant.
 You were stealthy.
 You were lucky.
 You are dead.

Miscellaneous:
 You didn't encounter any bones levels.
 Total elapsed playing time was 1 hour, 1 minute and 21 seconds.

Major events:
 Turn
    1: 23881750910 the lawful human Valkyrie entered the dungeon
 1363: entered the Gnomish Mines
 1390: attained the rank of Skirmisher (level 3)
 2129: poisoned by a rotted gnome lord corpse

You didn't know any spells.

Skills:
 Fighting Skills
   bare handed combat [Unskilled]
   two weapon combat  [Unskilled]
   riding             [Unskilled]
 Weapon Skills
   dagger             [Basic]
   axe                [Unskilled]
   pick-axe           [Unskilled]
   short sword        [Unskilled]
   broadsword         [Unskilled]
   long sword         [Unskilled]
   two-handed sword   [Unskilled]
   saber              [Unskilled]
   hammer             [Unskilled]
   quarterstaff       [Unskilled]
   polearms           [Unskilled]
   spear              [Basic]
   trident            [Unskilled]
   lance              [Unskilled]
   sling              [Unskilled]
 Spellcasting Skills
   attack spells      [Unskilled]
   escape spells      [Unskilled]

Voluntary challenges:
 Character rerolling was not enabled.
 You were an atheist.
 You never genocided any monsters.
 You never polymorphed an object.
 You never changed form.
 You used no wishes.
Achievements:
 You entered a shop.
 You entered the Gnomish Mines.
 You attained the rank of Skirmisher.

 The Dungeons of Doom: levels 1 to 3
    Level 1:
    Level 2:
       An armor shop.
    Level 3:
       Many fountains.
       Stairs down to The Gnomish Mines.
 The Gnomish Mines: levels 4 to 5
    Level 4:
    Level 5: <- You were here.
       Final resting place for
          you, poisoned by a rotted gnome lord corpse.


Vanquished creatures:
  4 gnome leaders
  a gnomish wizard
  a little dog
  2 dwarves
 an iguana
  a giant rat
 13 gnomes
  a gecko
  6 jackals
  a fox
  2 goblins
  3 sewer rats
  2 grid bugs
  5 lichens
  a kobold zombie
  6 newts
50 creatures vanquished.

No species were genocided or became extinct.

Game over:
                       ----------
                      /          \
                     /    REST    \
                    /      IN      \
                   /     PEACE      \
                  /                  \
                  |   23881750910    |
                  |      47 Au       |
                  |  poisoned by a   |
                  |   rotted gnome   |
                  |   lord corpse    |
                  |                  |
                  |       2026       |
                 *|     *  *  *      | *
        _________)/\\_//(\/(/\)/\//\/|_)_______

Farvel 23881750910 the Valkyrie...

You were poisoned in The Gnomish Mines on dungeon level 5 with 1167 points,
and 47 pieces of gold, after 2129 moves.
You were level 5 with a maximum of 55 hit points when you were poisoned.

